 Dungeon Crawl Stone Soup version 0.30.0-29-ga12c61a403 (webtiles) character file.

Game seed: 8466331539037858510

45728 qw the Severer (level 14, -3/90 HPs)
             Began as a Gargoyle Fighter on June 3, 2023.
             Was an Elder of Okawaru.
             Slain by a titanic slime creature (54 damage)
             ... on level 12 of the Dungeon on June 4, 2023.
             The game lasted 00:09:40 (18549 turns).

qw the Severer (Gargoyle Fighter)                  Turns: 18549, Time: 00:09:41

Health: -3/90      AC: 47    Str: 24    XL:     14   Next: 34%
Magic:  19/19      EV:  9    Int: 10    God:    Okawaru [****..]
Gold:   645        SH: 11    Dex:  9    Spells: 13/13 levels left

rFire   + . .        Y - +5 war axe
rCold   . . .        c - +0 buckler
rNeg    + . .        m - +10 plate armour {ponderous}
rPois   inf          o - +1 helmet
rElec   +            B - scarf {repulsion}
rCorr   .            u - +0 pair of gloves
SInv    .            a - +0 pair of boots
Will    +....        C - amulet of reflection Stlth
                     h - +4 ring of protection
HPRegen 0.35/turn    f - ring of protection from fire
MPRegen 0.16/turn

%: repel missiles, reflection, clarity
@: about to teleport, heroic, flying, slow
A: sickness immunity, AC +10, big wings, negative energy resistance 1,
electricity resistance, torment resistance 1, petrification resistance, clarity,
low MP 1
a: Renounce Religion, Heroism, Finesse


You were on level 12 of the Dungeon.
You worshipped Okawaru.
Okawaru was greatly pleased with you.
You visited 3 branches of the dungeon, and saw 18 of its levels.

You collected 1070 gold pieces.
You spent 425 gold pieces at shops.


Innate Abilities, Weirdness & Mutations

You are immune to sickness and miasma.
Your stone body is resilient. (AC +10)
You are immune to poison.
Your large and strong wings let you fly.
You resist negative energy. (rN+)
You are resistant to electric shocks. (rElec)
You are resistant to unholy torment.
You are immune to petrification.
You possess an exceptional clarity of mind.
Your magical capacity is low. (-10% MP)


   Skills:
 + Level 11.6(16.6) Fighting
 - Level 15.0(20.0) Axes
 - Level 5.0(10.0) Throwing
 - Level 11.1(16.1) Armour
 - Level 2.2(7.2) Dodging
 - Level 7.1(12.1) Shields
 - Level 10.0 Invocations


You had 13 spell levels left.
You didn't know any spells.
Your spell library was empty.

Inventory:

Hand Weapons
 n - the +12 morningstar of Xom's Regard {flame, SInv}
   (You found it on level 7 of the Dungeon)

   SInv:      It lets you see invisible.
 Y - a +5 war axe (weapon)
Missiles
 e - 8 boomerangs (quivered)
Armour
 a - a +0 pair of boots (worn)
 c - a +0 buckler (worn)
 k - a +0 cloak
 m - a +10 plate armour of ponderousness (worn)
 o - a +1 helmet (worn)
 u - a +0 pair of gloves (worn)
 B - a scarf of repulsion (worn)
Jewellery
 f - a ring of protection from fire (right hand)
 h - a +4 ring of protection (left hand)
 q - a ring of fire
 y - the ring "Duyttiat" {rElec Will+ Stlth+}
   (You took it off an orc priest on level 9 of the Dungeon)

   [ring of willpower]

   rElec:     It insulates you from electricity.
   Will:      It increases your willpower.
   Stlth:     It makes you more stealthy.
 A - the ring "Beluomiv" {rN+ Dex+2}
   (You found it on level 5 of the Lair of Beasts)

   [ring of positive energy]

   Dex:       It affects your dexterity (+2).
   rN:        It protects you from negative energy.
 C - an amulet of reflection (around neck)
Wands
 x - a wand of digging (11)
Scrolls
 i - 9 scrolls of identify
 t - 11 scrolls of teleportation
Potions
 b - 7 potions of lignification
 d - 2 potions of might
 g - 12 potions of curing
 j - 2 potions of attraction
 l - 4 potions of mutation
 p - 4 potions of resistance
 r - a potion of haste
 s - a potion of cancellation
 v - 2 potions of magic
 w - 4 potions of heal wounds

Dungeon Overview and Level Annotations

Branches:
Dungeon (12/15)            Temple (1/1) D:6            Lair (5/5) D:9
 Shoals (0/4) Lair:3        Snake (0/4) Lair:2        Slime (0/5) Lair:4
    Orc: D:9-12

Altars:
Ashenzari
Cheibriados
Dithmenos
Elyvilon
Fedhas
Gozag
Hepliaklqana
Kikubaaqudgha
Makhleb
Nemelex Xobeh
Okawaru
Qazlal
Ru
Sif Muna
Trog
Uskayaw
Vehumet
Wu Jian
Xom
Yredelemnul
Zin
The Shining One

Shops:
D:7 **[?[   D:9 =

Annotations:
D:5 1 runed translucent door, Crazy Yiuf


Message History

You block the slime creature's attack.
A slime creature comes into view.
The slime creature quivers.
You hit the slime creature.
The slime creature is moderately wounded.
You block the slime creature's attack.
Two slime creatures merge to form a large slime creature.
You slash the slime creature!
The slime creature is severely wounded.
You block the slime creature's attack.
You slice the slime creature!!
The slime creature is almost dead.
You slash the slime creature!
You kill the slime creature!
Okawaru accepts your kill.
You slice the very large slime creature!!
The very large slime creature is heavily wounded.
The very large slime creature hits you!!!
You hit the very large slime creature.
The very large slime creature is heavily wounded.
You slash the very large slime creature!
The very large slime creature is heavily wounded.
The very large slime creature hits you but does no damage.
You slash the very large slime creature!
The very large slime creature is heavily wounded.
The very large slime creature misses you.
You slash the very large slime creature!
The very large slime creature is severely wounded.
You block the very large slime creature's attack.
You slash the very large slime creature!
The very large slime creature is severely wounded.
You hit the very large slime creature.
The very large slime creature is severely wounded.
Two slime creatures merge to form a titanic slime creature.
18549 ||| READING 12 scrolls of teleportation.
As you read the scroll of teleportation, it crumbles to dust.
You feel strangely unstable. The titanic slime creature hits you!!!
Ouch! That really hurt!
You die...

#.# ..# ###
######.###.
######
####..@J.....(
#....#
##.#.#####.###.
###.##.#
#........#
.....#.#
#.#.####.#
###..#.#
#.#...##.#
#..#.#
#.###.##.#
##..#.#
#.###.##.#
#...).#
#........#
##...###
#####.####


You could see a titanic slime creature.

Vanquished Creatures
  A fire dragon (Lair:5)
  Erolcha (D:10)
  2 hydras (Lair:5)
  Erica (D:10)
  2 catoblepae
  5 two-headed ogres
  A boulder beetle (D:12)
  Sonja (Lair:4)
  Amaemon (Lair:1)
  A swamp dragon (Lair:5)
  A lindwurm (Lair:3)
  A deep elf pyromancer (D:7)
  A cyclops (D:9)
  Maurice (D:8)
  A centaur zombie (D:10)
  5 elephants (Lair:3)
  5 black mambas
  Joseph (Lair:1)
  11 cane toads
  An orange demon (Lair:1)
  A torpor snail (Lair:5)
  2 gargoyles
  Maggie (D:10)
  6 komodo dragons
  An unseen horror zombie (D:10)
  A kobold demonologist (D:10)
  5 rime drakes
  3 trolls
  A polar bear (Lair:5)
  3 hornets
  Grinder (D:4)
  Prince Ribbit (D:8)
  A snapping turtle (Lair:3)
  19 blink frogs
  8 dream sheep (Lair:5)
  A slime creature (D:12)
  A shadow (D:10)
  28 yaks
  7 wyverns
  2 wraiths
  3 basilisks
  A golden eye (shapeshifter) (D:8)
  3 steam dragons
  10 vampire mosquitoes
  3 wargs (D:9)
  2 acid dragons
  4 nagas (Lair:2)
  8 water moccasins
  A sky beast (D:7)
  2 swamp drakes (Lair:5)
  3 black bears
  5 ice beasts
  5 orc warriors
  4 centaurs
  4 wolves (Lair:3)
  2 phantoms
  3 kobold brigands
  A scorpion (D:5)
  3 gnoll sergeants
  10 bullfrogs
  9 wights
  8 killer bees
  9 howler monkeys
  A vampire bat (D:4)
  2 jellies
  A gnoll bouda (D:7)
  2 hounds
  4 orc priests
  3 sleepcaps (D:7)
  13 iguanas
  8 orc wizards
  9 hell rats
  14 gnolls
  8 adders
  11 river rats (Lair:4)
  A white imp (D:8)
  2 ufetubi (D:7)
  2 worms (D:2)
  3 dart slugs
  6 fire bats
  25 orcs
  2 spectral bats (D:4)
  3 bat skeletons (D:4)
  A bat zombie (D:4)
  8 endoplasms
  4 giant cockroaches
  4 goblins
  4 hobgoblins
  8 jackals
  3 quokkas
  3 ball pythons
  12 bats
  A bat simulacrum (D:4)
  4 frilled lizards
  12 kobolds
  2 rats
  A spectral weapon (D:10)
427 creatures vanquished.

Vanquished Creatures (others)
  A human (D:7)
  2 orc wizards
  An orc (D:8)
4 creatures vanquished.

Grand Total: 431 creatures vanquished

Notes
Turn   | Place    | Note
-------+----------+-------------------------------------------
     0 | D:1      | qw the Gargoyle Fighter began the quest for the Orb.
     0 | D:1      | Reached XP level 1. HP: 14/14 MP: 1/1
     0 | D:1      | 0 ||| qw: Version: 0.2-a-103-g5a998e5
     0 | D:1      | 0 ||| qw: Game counter: 1127
     0 | D:1      | 0 ||| qw: Always use a shield: true
     0 | D:1      | 0 ||| qw: God list: Okawaru
     0 | D:1      | 0 ||| qw: Allow faded altars: false
     0 | D:1      | 0 ||| qw: Do Orc after D:15 true
     0 | D:1      | 0 ||| qw: Do second Lair branch before Depths: true
     0 | D:1      | 0 ||| qw: Lair rune preference: random
     0 | D:1      | 0 ||| qw: Plans: Normal, Zot:1-4, Slime:5, God:TSO, Crypt,
                  | Tomb, Pan, Hells, Abyss, Win
     0 | D:1      | 0 ||| PLANNING D:1-11
    27 | D:1      | 27 ||| Stepping ~*~*~tactically~*~*~ (hiding).
    29 | D:1      | 29 ||| Stepping ~*~*~tactically~*~*~ (hiding).
    30 | D:1      | 30 ||| Stepping ~*~*~tactically~*~*~ (hiding).
    31 | D:1      | 31 ||| Stepping ~*~*~tactically~*~*~ (hiding).
    33 | D:1      | 33 ||| Stepping ~*~*~tactically~*~*~ (hiding).
    40 | D:1      | Reached skill level 2 in Axes
   144 | D:1      | Reached XP level 2. HP: 19/19 MP: 2/2
   479 | D:1      | 479 ||| UPGRADING to +0 chain mail.
   489 | D:1      | 489 ||| DROPPING +0 scale mail.
   490 | D:1      | 490 ||| UPGRADING to +10 plate armour of ponderousness.
   500 | D:1      | 500 ||| DROPPING +0 chain mail.
   501 | D:1      | 501 ||| READING scroll labelled XOSTEKHL JYNA.
   502 | D:1      | 502 ||| READING scroll labelled JUZ XILIOMIM.
   505 | D:1      | 505 ||| DRINKING 3 blue potions.
   506 | D:1      | 506 ||| DRINKING 2 black potions.
   628 | D:2      | 628 ||| Stepping ~*~*~tactically~*~*~ (stealth).
   646 | D:2      | 646 ||| Stepping ~*~*~tactically~*~*~ (stealth).
   649 | D:2      | 649 ||| Stepping ~*~*~tactically~*~*~ (stealth).
   664 | D:2      | 664 ||| Stepping ~*~*~tactically~*~*~ (hiding).
   672 | D:2      | Reached skill level 3 in Axes
   761 | D:2      | 761 ||| Stepping ~*~*~tactically~*~*~ (stealth).
   762 | D:2      | 762 ||| Stepping ~*~*~tactically~*~*~ (stealth).
   777 | D:2      | 777 ||| Stepping ~*~*~tactically~*~*~ (stealth).
   783 | D:2      | Reached XP level 3. HP: 21/23 MP: 3/3
  1013 | D:2      | Reached XP level 4. HP: 28/28 MP: 4/4
  1123 | D:2      | Reached skill level 4 in Axes
  1212 | D:2      | Found a faded altar of an unknown god.
  1475 | D:2      | 1475 ||| UPGRADING to +0 pair of boots.
  1480 | D:2      | 1480 ||| UPGRADING to +4 ring of protection.
  1481 | D:2      | 1481 ||| READING scroll labelled MAGAFA YVOARIGATUF.
  1482 | D:2      | 1482 ||| DRINKING 4 red potions.
  1482 | D:2      | Gained mutation: Your magical capacity is low. (-10% MP)
                  | [potion of mutation]
  1482 | D:2      | Gained mutation: You possess an exceptional clarity of
                  | mind. [potion of mutation]
  1593 | D:3      | 1593 ||| FLEEEEING.
  1594 | D:3      | 1594 ||| FLEEEEING.
  1622 | D:3      | Noticed a phantom
  1633 | D:3      | Killed a phantom
  1634 | D:3      | Reached skill level 5 in Axes
  1634 | D:3      | Reached XP level 5. HP: 31/32 MP: 4/4
  1861 | D:3      | 1861 ||| Stepping ~*~*~tactically~*~*~ (hiding).
  1915 | D:3      | 1915 ||| Stepping ~*~*~tactically~*~*~ (stealth).
  2273 | D:3      | 2273 ||| Stepping ~*~*~tactically~*~*~ (stealth).
  2274 | D:3      | 2274 ||| Stepping ~*~*~tactically~*~*~ (stealth).
  2306 | D:3      | 2306 ||| UPGRADING to +1 helmet.
  2311 | D:3      | 2311 ||| DROPPING ring of magical power.
  2312 | D:3      | 2312 ||| READING scroll labelled YNAAGG REUMOCE.
  2313 | D:3      | 2313 ||| READING scroll labelled WEASKE VOTIA.
  2436 | D:4      | 2436 ||| Stepping ~*~*~tactically~*~*~ (hiding).
  2437 | D:4      | 2437 ||| Stepping ~*~*~tactically~*~*~ (hiding).
  2568 | D:4      | Reached XP level 6. HP: 36/38 MP: 5/5
  2680 | D:4      | Noticed Grinder
  2692 | D:4      | Paralysed by Grinder for 4 turns
  2707 | D:4      | Killed Grinder
  2784 | D:4      | 2784 ||| Stepping ~*~*~tactically~*~*~ (stealth).
  2794 | D:4      | Reached XP level 7. HP: 41/45 MP: 6/6
  3205 | D:4      | Reached skill level 6 in Axes
  3935 | D:5      | Entered Level 5 of the Dungeon
  4064 | D:5      | 4064 ||| DROPPING +0 whip.
  4313 | D:5      | Found a runed translucent door.
  4314 | D:5      | Noticed Crazy Yiuf
  4346 | D:5      | Found a hide-covered altar of Uskayaw.
  4348 | D:5      | 4348 ||| Stepping ~*~*~tactically~*~*~ (stealth).
  4448 | D:5      | Reached XP level 8. HP: 46/51 MP: 7/7
  4512 | D:5      | Reached skill level 7 in Axes
  4513 | D:5      | 4513 ||| Stepping randomly (disturbance).
  4514 | D:5      | 4514 ||| Stepping randomly (disturbance).
  4576 | D:5      | Reached skill level 1 in Dodging
  4659 | D:5      | 4659 ||| Stepping ~*~*~tactically~*~*~ (hiding).
  4672 | D:5      | Reached skill level 1 in Throwing
  4920 | D:5      | 4920 ||| DRINKING 2 sedimented brown potions.
  4921 | D:5      | 4921 ||| DRINKING 2 inky potions.
  4922 | D:5      | 4922 ||| DROPPING potion of flight.
  5112 | D:6      | 5112 ||| Stepping ~*~*~tactically~*~*~ (hiding).
  5172 | D:6      | 5172 ||| DROPPING +0 flail.
  5259 | D:6      | Found a staircase to the Ecumenical Temple.
  5260 | D:6      | 5260 ||| PLANNING TEMPLE
  5266 | D:6      | Reached skill level 8 in Axes
  5266 | D:6      | 5266 ||| DROPPING ring of wizardry.
  5267 | D:6      | 5267 ||| READING 4 scrolls labelled WILLO VOEGHEOD DIE.
  5268 | D:6      | 5268 ||| READING scroll labelled IKLIRAMIFOM.
  5269 | D:6      | 5269 ||| DROPPING 3 scrolls of fog.
  5276 | Temple   | Entered the Ecumenical Temple
  5298 | Temple   | 5298 ||| PLANNING D:1-11
  5433 | D:6      | Found a shadowy altar of Dithmenos.
  5667 | D:6      | Found an ornate altar of the Wu Jian Council.
  5673 | D:6      | Found a snail-covered altar of Cheibriados.
  5682 | D:6      | Found a glowing golden altar of the Shining One.
  5787 | D:6      | 5787 ||| DROPPING orb of mayhem.
  5788 | D:6      | 5788 ||| READING 2 scrolls of identify.
  5788 | D:6      | 5788 ||| IDENTIFYING murky inky potion
  5818 | D:7      | 5818 ||| Stepping ~*~*~tactically~*~*~ (stealth).
  5823 | D:7      | Reached skill level 6 in Fighting
  5916 | D:7      | 5916 ||| Stepping ~*~*~tactically~*~*~ (stealth).
  5927 | D:7      | Reached XP level 9. HP: 45/55 MP: 8/8
  5929 | D:7      | 5929 ||| FLEEEEING.
  5930 | D:7      | 5930 ||| FLEEEEING.
  5931 | D:7      | 5931 ||| FLEEEEING.
  5932 | D:7      | 5932 ||| FLEEEEING.
  5933 | D:7      | 5933 ||| FLEEEEING.
  5938 | D:7      | 5938 ||| FLEEEEING.
  5939 | D:7      | 5939 ||| FLEEEEING.
  5940 | D:7      | 5940 ||| FLEEEEING.
  5941 | D:7      | 5941 ||| FLEEEEING.
  5944 | D:7      | 5944 ||| FLEEEEING.
  5945 | D:7      | 5945 ||| FLEEEEING.
  5946 | D:7      | 5946 ||| FLEEEEING.
  5948 | D:7      | 5948 ||| FLEEEEING.
  5949 | D:7      | 5949 ||| FLEEEEING.
  6073 | D:7      | 6073 ||| Stepping ~*~*~tactically~*~*~ (stealth).
  6119 | D:7      | Reached skill level 9 in Axes
  6181 | D:7      | Found Baoz's General Store.
  6367 | D:7      | Found Kiato's Armour Shop.
  6373 | D:7      | 6373 ||| BUYING +0 cloak (67 gold).
  6373 | D:7      | Bought a +0 cloak for 67 gold pieces
  6373 | D:7      | 6373 ||| BUYING +0 pair of gloves (67 gold).
  6373 | D:7      | Bought a +0 pair of gloves for 67 gold pieces
  6373 | D:7      | 6373 ||| SHOPLISTING +1 cloak of preservation (247 gold,
                  | have 192).
  6387 | D:7      | Found an iron altar of Okawaru.
  6388 | D:7      | 6388 ||| PLANNING OKAWARU WORSHIP
  6388 | D:7      | 6388 ||| UPGRADING to +0 cloak.
  6393 | D:7      | 6393 ||| UPGRADING to +0 pair of gloves.
  6398 | D:7      | 6398 ||| DRINKING 2 purple potions.
  6399 | D:7      | 6399 ||| DRINKING 3 potions of curing.
  6399 | D:7      | 6399 ||| (to cure confusion)
  6400 | D:7      | 6400 ||| READING 2 scrolls of identify.
  6400 | D:7      | 6400 ||| IDENTIFYING viscous orange potion
  6401 | D:7      | 6401 ||| DROPPING potion of ambrosia.
  6407 | D:7      | Became a worshipper of Warmaster Okawaru
  6407 | D:7      | 6407 ||| PLANNING D:1-11
  6439 | D:7      | Reached skill level 6 in Armour
  6453 | D:7      | Found a sparkling altar of Nemelex Xobeh.
  6511 | D:7      | HP: 12/55 [ice beast (14)]
  6512 | D:7      | 6512 ||| READING 2 scrolls of teleportation.
  6513 | D:7      | 6513 ||| DRINKING potion of heal wounds.
  6652 | D:7      | Found Ajesmoh's Assorted Antiques.
  6660 | D:7      | 6660 ||| BUYING marble ring (105 gold).
  6660 | D:7      | Bought a marble ring for 105 gold pieces
  6660 | D:7      | 6660 ||| BUYING scroll of identify (42 gold).
  6660 | D:7      | Bought a scroll of identify for 42 gold pieces
  6714 | D:7      | 6714 ||| Stepping ~*~*~tactically~*~*~ (stealth).
  6715 | D:7      | 6715 ||| Stepping ~*~*~tactically~*~*~ (stealth).
  6742 | D:7      | Reached * piety under Okawaru
  6798 | D:7      | Noticed a deep elf pyromancer
  6808 | D:7      | 6808 ||| INVOKING Heroism.
  6813 | D:7      | Killed a deep elf pyromancer
  6814 | D:7      | Reached skill level 3 in Invocations
  6822 | D:7      | 6822 ||| INVOKING Heroism.
  6826 | D:7      | Reached XP level 10. HP: 32/63 MP: 5/11
  6932 | D:7      | Identified the +12 morningstar of Xom's Regard {flame,
                  | SInv}
  6934 | D:7      | 6934 ||| DROPPING +2 vampiric whip.
  7017 | D:7      | Found Rus Cisurphat's Armour Emporium.
  7136 | D:7      | Found an ancient bone altar of Kikubaaqudgha.
  7148 | D:7      | Found Rothub's Magic Scroll Shop.
  7153 | D:7      | 7153 ||| BUYING scroll of identify (24 gold).
  7153 | D:7      | Bought a scroll of identify for 24 gold pieces
  7153 | D:7      | 7153 ||| SHOPLISTING scroll of teleportation (36 gold, have
                  | 21).
  7234 | D:7      | 7234 ||| DROPPING amulet of magic regeneration.
  7235 | D:7      | 7235 ||| UPGRADING to ring of protection from fire.
  7236 | D:7      | 7236 ||| READING scroll labelled ZUOSMU QESTOP.
  7237 | D:7      | 7237 ||| READING 3 scrolls of identify.
  7237 | D:7      | 7237 ||| IDENTIFYING smoky orange potion
  7238 | D:7      | 7238 ||| READING 2 scrolls of identify.
  7238 | D:7      | 7238 ||| IDENTIFYING green potion
  7239 | D:7      | 7239 ||| DROPPING potion of brilliance.
  7243 | D:8      | 7243 ||| PLANNING OSSUARY
  7253 | D:8      | 7253 ||| INVOKING Heroism.
  7260 | D:8      | HP: 8/63 [wyvern (9)]
  7261 | D:8      | 7261 ||| READING scroll of teleportation.
  7453 | D:8      | Noticed Prince Ribbit
  7471 | D:8      | Killed Prince Ribbit
  7548 | D:8      | Found a hazy altar of Hepliaklqana.
  7583 | D:8      | 7583 ||| Stepping ~*~*~tactically~*~*~ (hiding).
  7676 | D:8      | 7676 ||| Stepping ~*~*~tactically~*~*~ (stealth).
  7717 | D:8      | 7717 ||| INVOKING Heroism.
  7758 | D:8      | Reached skill level 10 in Axes
  7833 | D:8      | 7833 ||| RIP OSSUARY
  7852 | D:8      | 7852 ||| PLANNING D:1-11
  7882 | D:8      | Reached ** piety under Okawaru
  7982 | D:8      | 7982 ||| INVOKING Heroism.
  8015 | D:8      | 8015 ||| FLEEEEING.
  8027 | D:8      | 8027 ||| Stepping ~*~*~tactically~*~*~ (stealth).
  8028 | D:8      | 8028 ||| Stepping ~*~*~tactically~*~*~ (stealth).
  8029 | D:8      | 8029 ||| Stepping ~*~*~tactically~*~*~ (stealth).
  8030 | D:8      | 8030 ||| Stepping ~*~*~tactically~*~*~ (stealth).
  8151 | D:8      | 8151 ||| Stepping ~*~*~tactically~*~*~ (hiding).
  8290 | D:8      | 8290 ||| Stepping ~*~*~tactically~*~*~ (stealth).
  8334 | D:8      | 8334 ||| SWAPPING to +4 war axe.
  8335 | D:8      | 8335 ||| DROPPING +0 war axe.
  8339 | D:8      | 8339 ||| Stepping ~*~*~tactically~*~*~ (stealth).
  8340 | D:8      | 8340 ||| Stepping ~*~*~tactically~*~*~ (stealth).
  8348 | D:8      | 8348 ||| DROPPING +1 hat.
  8349 | D:8      | 8349 ||| READING scroll labelled BUQICK KUMU.
  8350 | D:8      | 8350 ||| READING 2 scrolls of identify.
  8350 | D:8      | 8350 ||| IDENTIFYING fuming yellow potion
  8406 | D:8      | 8406 ||| Stepping ~*~*~tactically~*~*~ (stealth).
  8447 | D:8      | 8447 ||| READING scroll labelled LESIMO CEJEGH.
  8447 | D:8      | Identified a scroll of acquirement
  8447 | D:8      | 8447 ||| ACQUIRING ring of fire
  8447 | D:8      | Acquired a ring of fire
  8489 | D:7      | 8489 ||| BUYING potion of curing (45 gold).
  8489 | D:7      | Bought a potion of curing for 45 gold pieces
  8489 | D:7      | 8489 ||| BUYING scroll of identify (30 gold).
  8489 | D:7      | Bought a scroll of identify for 30 gold pieces
  8489 | D:7      | 8489 ||| BUYING scroll of teleportation (45 gold).
  8489 | D:7      | Bought a scroll of teleportation for 45 gold pieces
  8489 | D:7      | 8489 ||| READING 2 scrolls of identify.
  8489 | D:7      | 8489 ||| IDENTIFYING glowing amethyst potion
  8537 | D:8      | Noticed Maurice
  8566 | D:8      | Killed Maurice
  8600 | D:8      | Noticed a two-headed ogre
  8602 | D:8      | 8602 ||| INVOKING Heroism.
  8612 | D:8      | Killed a two-headed ogre
  8613 | D:8      | Reached skill level 11 in Axes
  8621 | D:8      | Reached XP level 11. HP: 68/68 MP: 10/12
  8797 | D:9      | Reached *** piety under Okawaru
  8828 | D:9      | Found Vapsul's Jewellery Emporium.
  8831 | D:9      | 8831 ||| SHOPLISTING +4 ring of slaying (1092 gold, have
                  | 16).
  8831 | D:9      | 8831 ||| SHOPLISTING amulet of Duihosom {RegenMP rC+ Str+2
                  | Int+2 Dex+3} (821 gold, have 16).
  8831 | D:9      | 8831 ||| SHOPLISTING amulet of Wemuajac {rF+ Regen+ Dex+4
                  | SInv} (792 gold, have 16).
  8831 | D:9      | 8831 ||| SHOPLISTING amulet of regeneration (420 gold, have
                  | 16).
  8831 | D:9      | 8831 ||| SHOPLISTING ring of see invisible (210 gold, have
                  | 16).
  8868 | D:9      | Reached skill level 9 in Fighting
  8944 | D:9      | 8944 ||| Stepping ~*~*~tactically~*~*~ (hiding).
  8996 | D:9      | 8996 ||| Stepping ~*~*~tactically~*~*~ (stealth).
  9007 | D:9      | 9007 ||| Stepping ~*~*~tactically~*~*~ (stealth).
  9008 | D:9      | 9008 ||| Stepping ~*~*~tactically~*~*~ (stealth).
  9008 | D:9      | Found a staircase to the Lair.
  9012 | D:9      | 9012 ||| Stepping ~*~*~tactically~*~*~ (stealth).
  9022 | D:9      | Identified the ring "Duyttiat" {rElec Will+ Stlth+}
  9074 | D:9      | 9074 ||| Stepping ~*~*~tactically~*~*~ (stealth).
  9102 | D:9      | 9102 ||| INVOKING Heroism.
  9115 | D:9      | 9115 ||| INVOKING Heroism.
  9332 | D:9      | Received a gift from Okawaru
  9333 | D:9      | Reached skill level 9 in Armour
  9338 | D:9      | 9338 ||| INVOKING Heroism.
  9559 | D:9      | 9559 ||| INVOKING Heroism.
  9694 | D:9      | 9694 ||| INVOKING Heroism.
  9827 | D:9      | Noticed a cyclops
  9828 | D:9      | 9828 ||| INVOKING Heroism.
  9845 | D:9      | Killed a cyclops
 10067 | D:9      | 10067 ||| PLANNING LAIR
 10067 | D:9      | 10067 ||| DRINKING 2 fizzy golden potions.
 10172 | D:9      | 10172 ||| DROPPING potion of berserk rage.
 10222 | Lair:1   | Entered Level 1 of the Lair of Beasts
 10254 | Lair:1   | Noticed Joseph
 10255 | Lair:1   | 10255 ||| Stepping ~*~*~tactically~*~*~ (hiding).
 10267 | Lair:1   | Killed Joseph
 10299 | Lair:1   | Noticed Amaemon
 10300 | Lair:1   | 10300 ||| INVOKING Heroism.
 10316 | Lair:1   | Killed Amaemon
 10317 | Lair:1   | Reached skill level 3 in Throwing
 10369 | Lair:1   | 10369 ||| INVOKING Heroism.
 10478 | Lair:1   | Noticed a catoblepas
 10479 | Lair:1   | 10479 ||| INVOKING Heroism.
 10490 | Lair:1   | Killed a catoblepas
 10491 | Lair:1   | Reached skill level 12 in Axes
 10607 | Lair:1   | 10607 ||| Stepping ~*~*~tactically~*~*~ (stealth).
 10625 | Lair:1   | 10625 ||| INVOKING Heroism.
 10901 | Lair:1   | 10901 ||| INVOKING Heroism.
 10917 | Lair:1   | Reached skill level 6 in Shields
 10924 | Lair:1   | 10924 ||| INVOKING Heroism.
 10926 | Lair:1   | Reached XP level 12. HP: 76/76 MP: 10/13
 11198 | Lair:1   | 11198 ||| READING 2 scrolls of identify.
 11198 | Lair:1   | 11198 ||| IDENTIFYING pink potion
 11199 | Lair:1   | 11199 ||| DROPPING potion of degeneration.
 11382 | Lair:2   | 11382 ||| Stepping ~*~*~tactically~*~*~ (stealth).
 11451 | Lair:2   | Reached **** piety under Okawaru
 11494 | Lair:2   | 11494 ||| INVOKING Heroism.
 11548 | Lair:2   | 11548 ||| Stepping ~*~*~tactically~*~*~ (hiding).
 11552 | Lair:2   | 11552 ||| Stepping ~*~*~tactically~*~*~ (hiding).
 11554 | Lair:2   | 11554 ||| Stepping ~*~*~tactically~*~*~ (hiding).
 11580 | Lair:2   | 11580 ||| Stepping ~*~*~tactically~*~*~ (hiding).
 11581 | Lair:2   | 11581 ||| Stepping ~*~*~tactically~*~*~ (hiding).
 11583 | Lair:2   | 11583 ||| Stepping ~*~*~tactically~*~*~ (hiding).
 11584 | Lair:2   | 11584 ||| Stepping ~*~*~tactically~*~*~ (hiding).
 11585 | Lair:2   | 11585 ||| Stepping ~*~*~tactically~*~*~ (hiding).
 11586 | Lair:2   | 11586 ||| Stepping ~*~*~tactically~*~*~ (hiding).
 11587 | Lair:2   | 11587 ||| Stepping ~*~*~tactically~*~*~ (hiding).
 11588 | Lair:2   | 11588 ||| Stepping ~*~*~tactically~*~*~ (hiding).
 11589 | Lair:2   | 11589 ||| Stepping ~*~*~tactically~*~*~ (hiding).
 11590 | Lair:2   | 11590 ||| Stepping ~*~*~tactically~*~*~ (hiding).
 11591 | Lair:2   | Found a staircase to the Snake Pit.
 11592 | Lair:2   | 11592 ||| Stepping ~*~*~tactically~*~*~ (hiding).
 11606 | Lair:2   | 11606 ||| INVOKING Heroism.
 11722 | Lair:2   | 11722 ||| Stepping ~*~*~tactically~*~*~ (hiding).
 11723 | Lair:2   | 11723 ||| Stepping ~*~*~tactically~*~*~ (hiding).
 11724 | Lair:2   | 11724 ||| Stepping ~*~*~tactically~*~*~ (hiding).
 11727 | Lair:2   | 11727 ||| Stepping ~*~*~tactically~*~*~ (hiding).
 11728 | Lair:2   | 11728 ||| Stepping ~*~*~tactically~*~*~ (hiding).
 11911 | Lair:2   | 11911 ||| Stepping ~*~*~tactically~*~*~ (stealth).
 12346 | Lair:2   | 12346 ||| READING 2 scrolls labelled GOPSER ONATRAKUGEC.
 12395 | Lair:2   | 12395 ||| DROPPING scroll of torment.
 12441 | Lair:3   | 12441 ||| INVOKING Heroism.
 12451 | Lair:3   | Reached skill level 6 in Invocations
 12561 | Lair:3   | 12561 ||| Stepping ~*~*~tactically~*~*~ (hiding).
 12562 | Lair:3   | 12562 ||| Stepping ~*~*~tactically~*~*~ (hiding).
 12563 | Lair:3   | 12563 ||| INVOKING Heroism.
 12684 | Lair:3   | Reached ***** piety under Okawaru
 12706 | Lair:3   | 12706 ||| Stepping ~*~*~tactically~*~*~ (stealth).
 12789 | Lair:3   | Found a staircase to the Shoals.
 13088 | Lair:3   | 13088 ||| INVOKING Heroism.
 13110 | Lair:3   | 13110 ||| Stepping ~*~*~tactically~*~*~ (stealth).
 13133 | Lair:3   | Reached skill level 13 in Axes
 13253 | Lair:3   | 13253 ||| INVOKING Heroism.
 13514 | Lair:3   | 13514 ||| READING scroll labelled MOSYFOXZOLU.
 13556 | Lair:4   | 13556 ||| STAIRDANCE
 13781 | Lair:4   | Found a staircase to the Slime Pits.
 13783 | Lair:4   | 13783 ||| INVOKING Heroism.
 13791 | Lair:4   | Reached XP level 13. HP: 82/82 MP: 15/17
 13871 | Lair:4   | 13871 ||| Stepping ~*~*~tactically~*~*~ (stealth).
 13880 | Lair:4   | 13880 ||| Stepping ~*~*~tactically~*~*~ (stealth).
 13899 | Lair:4   | 13899 ||| Stepping ~*~*~tactically~*~*~ (stealth).
 13905 | Lair:4   | 13905 ||| Stepping ~*~*~tactically~*~*~ (stealth).
 13908 | Lair:4   | 13908 ||| Stepping ~*~*~tactically~*~*~ (stealth).
 13950 | Lair:4   | Noticed Sonja
 13985 | Lair:4   | Killed Sonja
 14058 | Lair:4   | Identified the +6 sling "Vakhlula" {flame, SInv}
 14186 | Lair:4   | Reached skill level 9 in Invocations
 14503 | Lair:5   | Entered Level 5 of the Lair of Beasts
 14516 | Lair:5   | 14516 ||| STAIRDANCE
 14520 | Lair:4   | 14520 ||| INVOKING Heroism.
 14674 | Lair:5   | 14674 ||| INVOKING Heroism.
 14721 | Lair:5   | 14721 ||| INVOKING Heroism.
 14793 | Lair:5   | 14793 ||| INVOKING Heroism.
 14794 | Lair:5   | 14794 ||| INVOKING Finesse.
 14800 | Lair:5   | 14800 ||| SWAPPING to +12 morningstar of Xom's Regard
                  | {flame, SInv}.
 14804 | Lair:5   | 14804 ||| SWAPPING to +5 war axe.
 14889 | Lair:5   | 14889 ||| INVOKING Heroism.
 14939 | Lair:5   | 14939 ||| FLEEEEING.
 15073 | Lair:5   | 15073 ||| INVOKING Heroism.
 15140 | Lair:5   | 15140 ||| INVOKING Heroism.
 15147 | Lair:5   | Reached skill level 14 in Axes
 15275 | Lair:5   | 15275 ||| Stepping ~*~*~tactically~*~*~ (stealth).
 15285 | Lair:5   | 15285 ||| Stepping ~*~*~tactically~*~*~ (stealth).
 15287 | Lair:5   | 15287 ||| Stepping ~*~*~tactically~*~*~ (stealth).
 15319 | Lair:5   | 15319 ||| INVOKING Heroism.
 15325 | Lair:5   | 15325 ||| SWAPPING to +12 morningstar of Xom's Regard
                  | {flame, SInv}.
 15328 | Lair:5   | 15328 ||| SWAPPING to +5 war axe.
 15342 | Lair:5   | 15342 ||| Stepping ~*~*~tactically~*~*~ (stealth).
 15350 | Lair:5   | Received a gift from Okawaru
 15352 | Lair:5   | 15352 ||| Stepping ~*~*~tactically~*~*~ (stealth).
 15368 | Lair:5   | 15368 ||| Stepping ~*~*~tactically~*~*~ (stealth).
 15369 | Lair:5   | 15369 ||| INVOKING Heroism.
 15393 | Lair:5   | 15393 ||| INVOKING Heroism.
 15428 | Lair:5   | Identified the ring "Beluomiv" {rN+ Dex+2}
 15513 | Lair:5   | 15513 ||| Stepping ~*~*~tactically~*~*~ (stealth).
 15514 | Lair:5   | 15514 ||| Stepping ~*~*~tactically~*~*~ (stealth).
 15515 | Lair:5   | 15515 ||| INVOKING Heroism.
 15759 | Lair:5   | 15759 ||| FLEEEEING.
 15760 | Lair:5   | 15760 ||| FLEEEEING.
 15761 | Lair:5   | 15761 ||| FLEEEEING.
 15762 | Lair:5   | 15762 ||| FLEEEEING.
 15763 | Lair:5   | 15763 ||| FLEEEEING.
 15764 | Lair:5   | 15764 ||| FLEEEEING.
 15765 | Lair:5   | 15765 ||| FLEEEEING.
 15989 | Lair:5   | 15989 ||| Stepping ~*~*~tactically~*~*~ (water).
 16006 | Lair:5   | 16006 ||| INVOKING Heroism.
 16052 | Lair:5   | 16052 ||| INVOKING Heroism.
 16054 | Lair:5   | Noticed a fire dragon
 16055 | Lair:5   | 16055 ||| Stepping ~*~*~tactically~*~*~ (water).
 16070 | Lair:5   | Killed a fire dragon
 16233 | Lair:5   | 16233 ||| PLANNING D:1-11
 16348 | D:10     | Entered Level 10 of the Dungeon
 16348 | D:10     | Noticed Erolcha
 16349 | D:10     | 16349 ||| INVOKING Heroism.
 16359 | D:10     | Killed Erolcha
 16427 | D:10     | 16427 ||| Stepping ~*~*~tactically~*~*~ (hiding).
 16536 | D:10     | 16536 ||| Stepping ~*~*~tactically~*~*~ (hiding).
 16542 | D:10     | 16542 ||| Stepping ~*~*~tactically~*~*~ (hiding).
 16653 | D:10     | 16653 ||| Stepping ~*~*~tactically~*~*~ (stealth).
 16655 | D:10     | 16655 ||| Stepping ~*~*~tactically~*~*~ (hiding).
 16798 | D:10     | Noticed Maggie
 16809 | D:10     | Killed Maggie
 16810 | D:10     | Gained mutation: Your large and strong wings let you fly.
                  | [Gargoyle growth]
 16810 | D:10     | Reached XP level 14. HP: 90/90 MP: 19/19
 16826 | D:10     | 16826 ||| Stepping ~*~*~tactically~*~*~ (stealth).
 16853 | D:10     | Noticed Erica
 16876 | D:10     | Killed Erica
 17064 | D:10     | 17064 ||| Stepping ~*~*~tactically~*~*~ (hiding).
 17065 | D:10     | 17065 ||| Stepping ~*~*~tactically~*~*~ (hiding).
 17066 | D:10     | 17066 ||| Stepping ~*~*~tactically~*~*~ (hiding).
 17067 | D:10     | 17067 ||| Stepping ~*~*~tactically~*~*~ (hiding).
 17068 | D:10     | 17068 ||| Stepping ~*~*~tactically~*~*~ (hiding).
 17072 | D:10     | 17072 ||| Stepping ~*~*~tactically~*~*~ (hiding).
 17349 | D:10     | Found a basalt altar of Yredelemnul.
 17356 | D:10     | 17356 ||| UPGRADING to amulet of reflection.
 17361 | D:10     | 17361 ||| READING scroll labelled XIROURR BIPTIBB.
 17448 | D:11     | Received a gift from Okawaru
 17533 | D:11     | Reached skill level 15 in Axes
 17573 | D:11     | 17573 ||| Stepping ~*~*~tactically~*~*~ (stealth).
 17575 | D:11     | 17575 ||| Stepping ~*~*~tactically~*~*~ (stealth).
 17641 | D:11     | Received a gift from Okawaru
 18042 | D:11     | 18042 ||| Stepping ~*~*~tactically~*~*~ (hiding).
 18123 | D:11     | 18123 ||| PLANNING D
 18123 | D:11     | 18123 ||| UPGRADING to scarf of repulsion.
 18177 | D:12     | 18177 ||| INVOKING Heroism.
 18178 | D:12     | 18178 ||| INVOKING Finesse.
 18199 | D:12     | Received a gift from Okawaru
 18534 | D:12     | 18534 ||| INVOKING Heroism.
 18549 | D:12     | 18549 ||| READING 12 scrolls of teleportation.
 18549 | D:12     | Slain by a titanic slime creature

Levels and vault maps discovered:
D:1:      minmay_arrival_semitransparent, layout_basic, minivault_14
D:2:      layout_loops_ring, ebering_ecumenical_altar_ruins,
          minmay_misc_feat_rows, minmay_fractal_squares_gapless_5
D:3:      layout_rooms, serial_rivers, chequers_serial_rivers_large_b,
          chequers_serial_rivers_room_a, chequers_serial_rivers_small_b,
          chequers_serial_rivers_micro_b, chequers_serial_rivers_small_a,
          chequers_serial_rivers_micro_d, roderic_serpentine_path
D:4:      layout_layer_cave, goddamned_bats, uniq_grinder
D:5:      layout_loops_ring, mainiacjoe_overflow_alcove_1,
          uniq_crazy_yiuf_cottage
D:6:      layout_loops_ring, mainiacjoe_overflow_alcove_2,
          minmay_overflow_temple_star_quad, minmay_temple_entry_overgrown
D:7:      nzn_winding_woodlands_three_and_one
          [nzn_winding_woodlands_5x15_river_crossing,
          nzn_winding_woodlands_5x15_eye, nzn_winding_woodlands_5x15_pool,
          nzn_winding_woodlands_center_diamonds], layout_rooms,
          lemuel_doored_altar, tgw_kikubaaqudgha, mainiacjoe_overflow_chevrons,
          serial_corexii_hall, chequers_hall_statues_y, corexii_hall_statues_l,
          chequers_hall_statues_y, corexii_hall_statues_i,
          corexii_hall_statues_i, chequers_hall_statues_wall_a, serial_shops,
          shop, nicolae_take_the_stairs, shop,
          nicolae_shop_temple_entry_statues_fountains, shop,
          kennysheep_windowed_goal
D:8:      kennysheep_blocky_room, layout_basic,
          worldfamousw_hep_ancestral_shrine, nicolae_ossuary_entry_plus,
          minmay_puff, uniq_maurice, uniq_prince_ribbit1
D:9:      nicolae_BIG_FREAKIN_CUBE, layout_stronghold,
          erik_lair_orcish_takeover, serial_shops, kennysheep_mini,
          corexii_hall_statues_x
D:10:     layout_roguey, lemuel_zombie_altar_yredelemnul, st_stairs_11,
          uniq_erolcha, uniq_maggie, uniq_erica
D:11:     layout_basic, nicolae_titane
D:12:     layout_loops_corners, minmay_orc_entry_temple_small,
          chequers_serial_rivers_small_b
Temple:   hellmonk_temple_two_chambers
Lair:1:   layout_roguey, lemuel_old_faithful, lemuel_fruit_tree, uniq_amaemon,
          uniq_joseph
Lair:2:   layout_cave_pods, minmay_snake_entry_guardpost_small,
          minmay_stone_trees_small, bh_autumn_forest_stairs
Lair:3:   layout_regular_city, minmay_shoals_entry_hut, grunt_megastairs_3,
          serial_bayou_shore_b, infiniplex_staircase_pool, serial_bayou_shore_b
Lair:4:   layout_long_grid, slime_entry_1, kennysheep_rathole,
          grunt_megastairs_4, uniq_sonja
Lair:5:   guppyfry_lair_end_dragon, layout_cellular_growth, wormcave,
          nicolae_volcano_entry_batcave

Skill      XL: |  1  2  3  4  5  6  7  8  9 10 11 12 13 14 |
---------------+-------------------------------------------+-----
Axes           | 2 3 5 6 8 9 11 12 13 14 15 | 15.0
Fighting       | 5 6 7 8 9 10 11 | 11.6
Armour         | 4 5 7 8 9 10 11 | 11.1
Dodging        | 1 2 |  2.2
Throwing       | 1 3 4 5 |  5.0
Shields        | 4 5 6 7 |  7.1
Invocations    | 3 4 8 10 | 10.0

Action                     |  1- 3 |  4- 6 |  7- 9 | 10-12 | 13-15 || total
---------------------------+-------+-------+-------+-------+-------++-------
  Melee: War axe           |    87 |   112 |   382 |   650 |   559 ||  1790
         Morningstar       |       |       |       |       |     5 ||     5
  Throw: Boomerang         |    26 |    34 |    48 |    94 |    68 ||   270
         Javelin           |       |       |       |    23 |    35 ||    58
 Invoke: Heroism           |       |       |     2 |    23 |    16 ||    41
         Finesse           |       |       |       |       |     2 ||     2
    Use: Scroll            |     2 |     3 |     5 |    11 |     2 ||    23
         Potion            |     2 |     1 |     5 |     1 |       ||     9
 Armour: Scale mail        |    13 |       |       |       |       ||    13
         Plate armour      |    61 |    80 |   403 |   487 |   341 ||  1372
  Dodge: Dodged            |    37 |    32 |   124 |   220 |   130 ||   543
         Repelled          |       |       |       |       |     1 ||     1
  Block: Buckler           |     9 |    22 |    90 |   153 |   152 ||   426
         Reflection        |       |       |       |       |     1 ||     1

Table legend:
 A = Non-vault XP
 B = Vault XP
 C = Vault XP percentage of total XP
 D = Non-vault monster count
 E = Vault monster count
 F = Vault count percentage of total count
                 A         B        C        D         E       F
            +---------+---------+-------+---------+---------+-------
      Total |   46926 |   18400 |  28.2 |     304 |     124 |  29.0
            +---------+---------+-------+---------+---------+-------
        D:1 |      14 |       0 |   0.0 |       8 |       0 |   0.0
        D:2 |      86 |       7 |   7.5 |      18 |       4 |  18.2
        D:3 |     197 |       0 |   0.0 |      23 |       0 |   0.0
        D:4 |      53 |     460 |  89.7 |      10 |      21 |  67.7
        D:5 |     768 |       0 |   0.0 |      18 |       0 |   0.0
        D:6 |     538 |       0 |   0.0 |       8 |       0 |   0.0
        D:7 |    1102 |    1733 |  61.1 |      20 |      14 |  41.2
        D:8 |    2749 |    1574 |  36.4 |      32 |      13 |  28.9
        D:9 |    3595 |     628 |  14.9 |      22 |       8 |  26.7
       D:10 |    2487 |    3649 |  59.5 |      25 |       8 |  24.2
       D:11 |    5052 |       0 |   0.0 |      15 |       0 |   0.0
       D:12 |    2681 |       0 |   0.0 |      10 |       0 |   0.0
     Lair:1 |    3471 |    1621 |  31.8 |      18 |       3 |  14.3
     Lair:2 |    2693 |     649 |  19.4 |      11 |       4 |  26.7
     Lair:3 |    6833 |    2346 |  25.6 |      20 |      11 |  35.5
     Lair:4 |    2512 |    1071 |  29.9 |       9 |      15 |  62.5
     Lair:5 |   12095 |    4662 |  27.8 |      37 |      23 |  38.3
            +---------+---------+-------+---------+---------+-------
